Map: Dédale EC

Players

Twine - Winner!

  • Race: Terran Terran
  • League: Grandmaster
  • Spawn Location: 1:00

IIIIIIIIIIII

  • Race: Zerg Zerg
  • League: Grandmaster
  • Spawn Location: 7:00

VOD

Have the link to the VOD?

Description

Time

  • Played on: Sept. 20, 2018, 8:33 p.m.
  • Length: 11:08
Show
View Real Time Build Order
Export as new Build Order

Twine Terran - Winner!

Build Orders: Mech 

Get SALT Encoding   

  12  0:02  SCV  
  13  0:14  SCV  
  14  0:18  Supply Depot  
  14  0:26  SCV  
  15  0:39  SCV  
  15  0:41  Barracks  
  16  0:45  Refinery  
  16  0:51  SCV  
  17  1:04  SCV  
  18  1:16  SCV  
  19  1:28  Orbital Command, Barracks Reactor  
  19  1:39  Command Center  
  19  1:47  Supply Depot  
  19  1:53  SCV  
  20  2:04  Marine x2  
  20  2:05  SCV  
  23  2:09  Factory  
  23  2:16  Refinery  
  23  2:18  SCV  
  23  2:22  Marine x2  
  26  2:31  SCV  
  27  2:39  Marine x2  
  27  2:43  SCV  
  30  2:51  Orbital Command  
  30  2:53  Factory Reactor, Starport  
  30  2:55  SCV  
  31  3:00  Marine x2  
  33  3:08  SCV  
  34  3:14  Supply Depot  
  34  3:17  Marine  
  35  3:20  SCV, Marine  
  35  3:21  SCV  
  38  3:32  SCV  
  38  3:33  SCV  
  40  3:36  Medivac x2  
  40  3:38  Marine x2  
  40  3:41  Supply Depot  
  46  3:44  Widow Mine, SCV  
  46  3:47  SCV  
  50  3:50  Supply Depot  
  50  3:56  Marine x2  
  50  3:57  SCV  
  50  4:01  SCV  
  54  4:03  Supply Depot  
  54  4:09  SCV  
  55  4:14  Hellion x2  
  60  4:17  Supply Depot, SCV  
  60  4:18  Marine x2  
  60  4:21  Medivac  
  64  4:27  Armory, SCV  
  64  4:30  SCV  
  66  4:36  Marine  
  67  4:43  Hellion x2  
  67  4:44  SCV  
  67  4:49  SCV, Marine  
  67  4:51  Medivac  
  71  4:54  Supply Depot, Marine  
  71  4:58  SCV  
  73  5:04  Hellion x2  
  77  5:07  Marine  
  77  5:08  SCV  
  79  5:17  Command Center  
  79  5:19  Marine  
  80  5:24  Factory  
  80  5:25  Factory  
  80  5:26  SCV  
  81  5:29  Terran Vehicle Weapons Level 1  
  81  5:30  SCV, Hellion x2  
  81  5:33  Refinery, Liberator  
  86  5:36  Refinery  
  86  5:39  Supply Depot  
  86  5:42  SCV  
  87  5:45  SCV  
  88  5:51  Hellion  
  93  5:57  Hellion  
  93  6:00  SCV  
  93  6:04  SCV  
  93  6:13  Cyclone  
  93  6:14  SCV  
  95  6:18  SCV  
  95  6:25  Hellion  
  98  6:26  SCV, Factory Tech Lab  
  98  6:30  Command Center  
  98  6:31  Factory  
  97  6:45  Hellion  
  97  6:46  Hellion  
  96  6:50  Siege Tank, Orbital Command, Hellion x2  
  101  6:57  Infernal Pre-Igniter  
  101  6:58  SCV  
  102  7:06  Hellion  
  102  7:08  Hellion  
  106  7:11  SCV  
  106  7:14  Factory, Hellion x2  
  106  7:15  Factory  
  108  7:22  Siege Tank, Factory Tech Lab  
  111  7:24  SCV  
  111  7:25  SCV  
  111  7:26  Armory  
  111  7:29  Orbital Command  
  113  7:32  Hellion  
  113  7:33  Hellion  
  117  7:45  Refinery, Orbital Command  
  117  7:48  Refinery  
  117  7:50  Terran Vehicle Weapons Level 2  
  117  7:51  SCV  
  118  7:55  SCV  
  119  8:03  SCV  
  120  8:06  Hellion  
  120  8:08  SCV  
  121  8:13  Hellion x2  
  121  8:15  SCV  
  121  8:17  Terran Vehicle And Ship Armor Level 1  
  121  8:19  Factory Tech Lab  
  127  8:20  SCV  
  127  8:24  Hellion  
  127  8:26  Hellion  
  131  8:30  Starport Reactor  
  131  8:31  Factory Tech Lab  
  131  8:32  Siege Tank  
  130  8:36  Hellbat  
  130  8:37  SCV  
  121  8:42  Supply Depot x2  
  121  8:45  Hellbat  
  121  8:46  Siege Tank  
  121  8:48  SCV x2  
  102  8:52  SCV  
  104  8:55  Cyclone  
  104  9:00  SCV  
  108  9:05  Siege Tank  
  108  9:06  Siege Tank  
  108  9:08  Cyclone  
  117  9:11  Cyclone  
  117  9:14  SCV  
  117  9:21  Cyclone x2  
  105  9:26  SCV x2  
  105  9:27  SCV x2  
  103  9:32  Siege Tank  
  103  9:37  Siege Tank  
  107  9:38  Hellion  
  107  9:39  Orbital Command  
  107  9:44  Siege Tank, SCV x2  
  109  9:45  SCV  
  107  9:55  Siege Tank  
  107  9:56  SCV x2, Hellion x2  
  107  9:57  SCV  
  117  10:02  Hellion  
  117  10:03  Engineering Bay  
  119  10:08  SCV  
  119  10:11  Supply Depot, SCV  
  119  10:12  Supply Depot  
  119  10:13  Refinery  
  119  10:14  SCV x2  
  123  10:17  Refinery, Medivac  
  123  10:20  SCV  
  126  10:23  SCV  
  126  10:26  SCV  
  134  10:29  SCV  
  133  10:44  Widow Mine  
  133  10:45  Missile Turret  
  133  10:46  Missile Turret  
Show
View Real Time Build Order
Export as new Build Order

IIIIIIIIIIII Zerg 

Build Orders: Hatch First 

Get SALT Encoding   

  12  0:01  Drone  
  13  0:12  Overlord  
  13  0:17  Drone  
  14  0:32  Drone x2  
  17  0:35  Drone  
  17  0:52  Hatchery  
  17  0:54  Drone  
  17  0:58  Drone  
  18  1:09  Extractor  
  17  1:13  Spawning Pool  
  17  1:16  Drone  
  17  1:19  Drone  
  18  1:28  Drone  
  19  1:41  Overlord  
  19  1:59  Queen  
  19  2:00  Zergling x2  
  19  2:01  Zergling x2  
  23  2:04  Queen  
  23  2:05  Zergling x2  
  26  2:09  Metabolic Boost  
  26  2:11  Drone  
  27  2:16  Drone  
  28  2:32  Hatchery  
  28  2:34  Drone  
  28  2:36  Drone  
  29  2:38  Drone  
  29  2:43  Drone  
  31  2:47  Drone  
  31  2:50  Overlord  
  32  2:56  Drone  
  32  2:58  Drone  
  34  3:02  Queen  
  36  3:10  Drone x3  
  39  3:15  Overlord  
  39  3:17  Drone x2  
  41  3:21  Drone  
  41  3:22  Drone  
  43  3:36  Drone  
  43  3:38  Queen  
  47  3:41  Zergling x6  
  47  3:45  Drone x2  
  47  3:46  Queen  
  47  3:47  Drone  
  54  3:54  Drone x2  
  56  4:02  Drone x2  
  58  4:04  Baneling Nest  
  57  4:12  Overlord x2  
  57  4:25  Zergling x2  
  57  4:30  Zergling x2, Queen x2  
  62  4:32  Zergling x2  
  62  4:33  Zergling x14  
  66  4:48  Overlord x3  
  66  4:53  Evolution Chamber x2  
  66  4:58  Overlord  
  64  5:00  Drone x2  
  64  5:05  Overlord  
  64  5:06  Overlord  
  66  5:07  Drone x4  
  66  5:08  Drone, Queen  
  66  5:11  Drone  
  66  5:12  Drone  
  75  5:20  Drone  
  76  5:22  Zerg Ground Armor Level 1, Zerg Melee Weapons Level 1  
  76  5:24  Extractor  
  76  5:26  Extractor, Zergling x6  
  76  5:27  Zergling x2  
  77  5:29  Zergling x4  
  80  5:35  Zergling x2  
  80  5:37  Baneling x2  
  80  5:38  Baneling x2  
  80  5:39  Queen  
  82  5:44  Zergling x2  
  82  5:45  Zergling x12  
  82  5:46  Zergling x2  
  90  5:51  Queen x2  
  88  5:59  Zergling x10  
  85  6:06  Zergling x2  
  85  6:07  Zergling x2  
  82  6:12  Zergling x2  
  82  6:14  Zergling x6  
  82  6:17  Baneling x3  
  82  6:18  Baneling x2  
  78  6:20  Zergling x10  
  81  6:26  Zergling x4  
  81  6:29  Baneling x3  
  81  6:30  Baneling  
  72  6:40  Zergling x8  
  72  6:41  Queen x3  
  78  6:53  Zergling x2  
  78  6:54  Zergling x4  
  78  6:58  Zergling x4  
  78  6:59  Baneling  
  78  7:03  Baneling  
  78  7:04  Baneling x3  
  78  7:05  Baneling x3  
  78  7:07  Zergling x6  
  75  7:11  Zergling x2  
  68  7:17  Baneling  
  68  7:18  Baneling x2  
  68  7:19  Lair  
  68  7:23  Zergling x6  
  71  7:31  Drone x2  
  71  7:32  Hatchery  
  71  7:33  Zergling x6  
  74  7:46  Zergling x6  
  74  7:47  Zergling x6  
  74  7:48  Overlord  
  79  8:04  Drone x4  
  79  8:05  Drone x4, Roach Warren  
  80  8:10  Drone x2  
  81  8:14  Extractor  
  81  8:15  Extractor  
  81  8:19  Spire  
  78  8:20  Extractor  
  78  8:25  Drone x4  
  78  8:26  Drone x2  
  73  8:45  Roach  
  73  8:46  Roach x10  
  87  8:49  Roach  
  87  8:56  Roach  
  87  9:00  Baneling x4  
  87  9:01  Roach x2  
  87  9:02  Queen  
  75  9:27  Hatchery  
  68  9:32  Mutalisk  
  68  9:33  Mutalisk x3  
  63  9:52  Mutalisk  
  63  9:54  Zergling x2  
  63  9:55  Zergling x16  
  74  10:06  Roach  
  74  10:07  Roach, Evolution Chamber  
  78  10:12  Roach x2  
  81  10:18  Roach x2  
  81  10:21  Zergling x2, Roach  
  86  10:25  Extractor  
  85  10:35  Roach x2  
  87  10:41  Roach x2  
  89  10:44  Ravager  
Tags
 
Composition
Mech
Matchup
TvZ
Spawn Locations
Cross Positions
Add a new tag
Caveats
  • Supply blocks, unpowered buildings, or Contaminate may cause inaccurate times.
  • Supply counts are checked every 10 seconds.